 Dungeon Crawl Stone Soup version 0.28.0-49-g6dfe1f597d (webtiles) character file.

Game seed: 17982129792838031652

438 Zeld the Changer (level 7, -2/43 HPs)
             Began as an Octopode Transmuter on May 15, 2022.
             Slain by an orc wizard
             ... wielding a +0 dagger
              (3 damage)
             ... on level 4 of the Dungeon.
             The game lasted 00:02:58 (5082 turns).

Zeld the Changer (Octopode Transmuter)              Turns: 5082, Time: 00:02:58

Health: -2/43      AC:  1    Str: 12    XL:     7   Next: 1%
Magic:  13/13      EV: 13    Int: 15    God:
Gold:   146        SH:  0    Dex: 12    Spells: 4/14 levels left

rFire   . . .      SeeInvis .     - Unarmed
rCold   . . .      Faith    .   (no shield)
rNeg    . . .      Spirit   .   (helmet restricted)
rPois   .          Reflect  .   (no amulet)
rElec   .          Harm     .   c - ring of wizardry
rCorr   .          Rampage  .   (no ring)
Will    .....                   (no ring)
Stlth   ++........              (no ring)
HPRegen 0.14/turn               (no ring)
MPRegen 0.13/turn               (no ring)
                                (no ring)
                                (no ring)

@: confused
A: almost no armour, amphibious, 8 rings, camouflage 1, gelatinous body 1,
(nimble swimmer 1), tentacles
a: no special abilities


You were on level 4 of the Dungeon.
You visited 1 branch of the dungeon, and saw 4 of its levels.

You collected 146 gold pieces.

Inventory:

Jewellery
 c - a ring of wizardry (left tentacle)
Scrolls
 a - 5 scrolls of fear {unknown}
 d - a scroll of teleportation {unknown}
 e - a scroll of blinking {unknown}
 g - a scroll of summoning {unknown}
 i - 2 scrolls of immolation {unknown}
Potions
 b - a potion of magic {unknown}
 f - a potion of curing {unknown}
 h - a potion of mutation {unknown}
 j - 2 potions of brilliance {unknown}


   Skills:
 - Level 1.0 Fighting
 - Level 2.0 Dodging
 + Level 3.7 Stealth
 - Level 3.0 Unarmed Combat
 * Level 4.0 Spellcasting
 * Level 4.5 Transmutations
 - Level 2.0 Ice Magic
 - Level 2.0 Poison Magic


You had 4 spell levels left.
You knew the following spells:

 Your Spells              Type           Power      Damage    Failure   Level
a - Beastly Appendage     Tmut           32%        N/A       1%          1
b - Wereblood             Tmut           16%        N/A       1%          2
c - Spider Form           Tmut/Pois      12%        N/A       6%          3
d - Ice Form              Ice/Tmut       12%        N/A       19%         4

Your spell library contained the following spells:

 Spells                   Type           Power      Damage    Failure   Level


Dungeon Overview and Level Annotations

Branches:
Dungeon (4/15)
 Temple: D:4-7

Altars:
Sif Muna
Vehumet

Annotations:
D:3 2 transporters, mortz's ghost, amateur DECj


Innate Abilities, Weirdness & Mutations

You cannot wear most types of armour.
You are amphibious.
You can wear up to eight rings at the same time.
Your skin changes colour to match your surroundings (Stealth+).
Your rubbery body absorbs attacks. (AC +1, EV +1)
((You are camouflaged when in or above water. (Stealth+)))
You have tentacles for arms and can constrict up to eight enemies at once.


Message History

You are confused.
The orc wizard gestures at you while chanting.
The puff of flame hits something!
The orc wizard gestures at you while chanting.
The puff of flame hits something!
Reactivating autopickup.
You feel a bit more experienced.
The orc wizard hits you with a +0 dagger.
The orc wizard points at you and mumbles some strange words.
You resist with some effort.
You feel less confused.
Your transformation is almost over.
You see here a howler monkey corpse.
The orc wizard casts a spell at you.
You are confused.
You bump into the stone wall.
The orc wizard casts a spell at you.
You are more confused.
You bump into the stone wall.
The orc wizard gestures at you while chanting.
You are more confused.
You bump into the stone wall.
The orc wizard gestures at you while chanting.
The puff of flame hits you. The orc wizard casts a spell at you.
The puff of flame hits you.
You bump into the stone wall.
You're too confused to move!
Your tentacle spike disappears.
You bump into the stone wall.
The orc wizard hits you with a +0 dagger.
* * * LOW HITPOINT WARNING * * *
The orc wizard casts a spell.
The orc wizard flickers and vanishes!
Deactivating autopickup; reactivate with Ctrl-A.
The orc wizard points at you and mumbles some strange words.
The magic dart hits you!
* * * LOW HITPOINT WARNING * * *
Something hits you.
You die...

... #...........# #
....########...##.....## ###
#..(...........##.....####+#.>
#.....................#....#..
#.....................#....#..
#..........)..........#....#..
#.......o†..o.........#....'..
#...##...###{.###....###..##..
#...##...###.@###....###..#...
#...#....#................#...
#...'..).#................#...
..'...#....#................#...
..#...#....#......).........#...
#.. ##...##...##..........#...
#.. #)..##...##..........#... #'
#....#...............#... #.
#....#...##.....######


You could see an orc wizard.

Vanquished Creatures
  A black bear (D:3)
  2 scorpions (D:4)
  A water moccasin skeleton (D:4)
  A howler monkey (D:4)
  An orc wizard (D:4)
  3 adders
  An ufetubus (D:2)
  3 adder skeletons (D:4)
  2 worms (D:2)
  3 dart slugs
  7 orcs
  5 ball pythons
  3 bats
  5 endoplasms
  3 giant cockroaches
  3 goblins
  6 hobgoblins
  3 quokkas (D:2)
  3 frilled lizards (D:2)
  6 kobolds
  3 rats
65 creatures vanquished.

Vanquished Creatures (others)
  An orc wizard (D:4)
  3 withered plants (D:1)
4 creatures vanquished.

Grand Total: 69 creatures vanquished

Notes
Turn   | Place    | Note
-------+----------+-------------------------------------------
     0 | D:1      | Zeld the Octopode Transmuter began the quest for the Orb.
     0 | D:1      | Reached XP level 1. HP: 13/13 MP: 3/3
   398 | D:1      | Reached XP level 2. HP: 18/18 MP: 3/5
   821 | D:1      | Learned a level 2 spell: Wereblood
  1128 | D:1      | Found a faded altar of an unknown god.
  1536 | D:2      | Reached skill level 1 in Stealth
  1827 | D:2      | Reached XP level 3. HP: 23/23 MP: 4/6
  1831 | D:2      | Learned a level 3 spell: Spider Form
  2190 | D:2      | Reached skill level 1 in Ice Magic
  2190 | D:2      | Reached skill level 1 in Poison Magic
  2210 | D:2      | You fall into a shaft and drop 1 floor!
  2250 | D:3      | Found a transporter.
  2257 | D:3      | Noticed mortz's ghost (amateur DECj)
  2309 | D:3      | Noticed a black bear
  2320 | D:3      | Killed a black bear
  2321 | D:3      | Reached XP level 4. HP: 26/28 MP: 3/8
  2321 | D:3      | Reached XP level 5. HP: 30/33 MP: 3/9
  2326 | D:3      | Learned a level 4 spell: Ice Form
  3157 | D:3      | Found a transporter.
  3504 | D:4      | Found a shimmering blue altar of Sif Muna.
  3911 | D:4      | Reached XP level 6. HP: 20/38 MP: 8/11
  4353 | D:4      | Found a radiant altar of Vehumet.
  5008 | D:4      | Reached XP level 7. HP: 43/43 MP: 8/13
  5081 | D:4      | HP: 1/43 [orc wizard/magic dart (11)]
  5082 | D:4      | Slain by an orc wizard

Illustrated notes

Levels and vault maps discovered:
D:1:      nicolae_arrival_memento_mori, layout_loops_corners,
          shapermc_ecumenical_altar_flowoftime, bh_walls_and_bars
D:2:      minmay_evil_eye, layout_loops_ring, minivault_19
D:3:      layout_rooms, gammafunk_ghost_stat_death, minmay_misc_feat_iff
D:4:      layout_gridville, mainiacjoe_overflow_catch_the_wave

Skill      XL: |  1  2  3  4  5  6 |
---------------+-------------------+-----
Stealth        | 1 2 3 |  3.7
Ice Magic      | 1 2 |  2.0
Poison Magic   | 1 2 |  2.0
Spellcasting   | 3 4 |  4.0
Transmutations | 3 4 |  4.5
Fighting       | |  1.0
Dodging        | |  2.0
Unarmed Combat | |  3.0

Action                   |  1- 3 |  4- 6 |  7- 9 || total
-------------------------+-------+-------+-------++-------
Melee: Unarmed           |    73 |    79 |     6 ||   158
       Tentacles         |    19 |    19 |     2 ||    40
       Kick              |    17 |    28 |     1 ||    46
       Constrict         |    16 |    21 |     1 ||    38
       Punch             |     5 |     4 |       ||     9
 Cast: Beastly Appendage |    23 |    21 |     1 ||    45
       Spider Form       |     1 |     2 |       ||     3
 Stab: Sleeping          |     9 |    10 |       ||    19
       Distracted        |       |     1 |       ||     1
Armor: Skin              |     2 |     5 |       ||     7
Dodge: Dodged            |    47 |    42 |     5 ||    94
